 Dungeon Crawl Stone Soup version 0.22-a0-82-g246a1cd83c (webtiles) character file.

39260 Yosebu the Markscentaur (level 13, -33/130 HPs)
             Began as a Centaur Hunter on Jan 19, 2018.
             Was a High Priest of Okawaru.
             Killed from afar by Nikola the golden dragon (46 damage)
             ... with a bolt of cold
             ... on level 1 of the Shoals.
             The game lasted 02:43:21 (17599 turns).

Yosebu the Markscentaur (Centaur Hunter)           Turns: 17599, Time: 02:43:22

Health: -33/130    AC: 23    Str: 30    XL:     13   Next: 68%
Magic:  13/13      EV:  9    Int: 12    God:    Okawaru [*****.]
Gold:   712        SH:  4    Dex: 11    Spells: 12/12 levels left

rFire    . . .     SeeInvis +   a - +6 shortbow (chaos)
rCold    . . .     Gourm    .   (shield currently unavailable)
rNeg     . . .     Faith    .   H - +5 ring mail of Brilliance {Str+3 Int+2}
rPois    .         Spirit   .   t - +1 helmet
rElec    .         Reflect  +   (no cloak)
rCorr    .         Harm     .   w - +1 pair of gloves
MR       .....                  h - +2 centaur barding "Wuevaj" {Str+3}
Stlth    ..........             v - +4 amulet of reflection
HPRegen  0.31/turn              q - ring of flight
MPRegen  0.13/turn              o - ring of see invisible

@: mighty, lethally poisoned (-33 -> -38), studying 4 skills, very quick
A: large, hooves 3, deformed body, speed 2, tough skin 3
a: Heroism, Finesse, Renounce Religion, Evoke Flight


You were on level 1 of the Shoals.
You worshipped Okawaru.
Okawaru was extremely pleased with you.
You were not hungry.

You visited 5 branches of the dungeon, and saw 17 of its levels.
You also visited: Labyrinth and Trove.

You collected 952 gold pieces.
You spent 240 gold pieces at shops.

Inventory:

Hand Weapons
 a - a +6 shortbow of chaos (weapon)
 Q - a +1 dire flail of draining
Missiles
 d - 168 arrows (quivered)
 I - 14 tomahawks
Armour
 h - the +2 centaur barding "Wuevaj" (worn) {Str+3}
   (You acquired it on level 4 of the Lair of Beasts)

   It affects your strength (+3).
 j - a +1 chain mail of fire resistance
 t - a +1 helmet (worn)
 w - a +1 pair of gloves (worn)
 D - a +0 pair of gloves
 H - the +5 ring mail of Brilliance (worn) {Str+3 Int+2}
   (Okawaru gifted it to you on level 1 of the Spider Nest)

   It affects your strength (+3).
   It affects your intelligence (+2).
 M - a +1 troll leather armour
Jewellery
 b - a +3 ring of intelligence {unknown}
 o - a ring of see invisible (right hand)
 q - a ring of flight (left hand)
 v - a +4 amulet of reflection (around neck)
 R - an uncursed ring of stealth
 Z - an uncursed ring of positive energy
Wands
 N - a wand of polymorph (16)
 O - a wand of digging (33)
 X - a wand of enslavement (13)
Scrolls
 g - a scroll of blinking
 l - 4 scrolls of amnesia
 m - a scroll of random uselessness
 n - 6 scrolls of teleportation
 s - 3 scrolls of remove curse
 y - a scroll of identify
 C - 6 scrolls of fog
Potions
 c - a potion of resistance {unknown}
 x - a potion of ambrosia
 z - 3 potions of brilliance
 A - 5 potions of agility
 B - 3 potions of curing
 E - 2 potions of berserk rage
 F - 2 potions of lignification
 G - a potion of might
 J - a potion of mutation {unknown}
 L - 2 potions of heal wounds
 S - a potion of magic {unknown}
 T - 2 potions of flight
Books
 e - a manual of Maces & Flails
 i - a manual of Translocations
 r - a manual of
Armour
 u - a manual of Fighting
Comestibles
 f - 32 rations


   Skills:
 + Level 16.6 Fighting
 + Level 3.2 Maces & Flails
 + Level 19.9 Bows
 + Level 6.7 Armour
 + Level 5.0 Dodging
 - Level 0.5 Stealth
   Level 0.2 Shields


You had 12 spell levels left.
You didn't know any spells.

Dungeon Overview and Level Annotations

Branches:
Dungeon (10/15)            Temple (1/1) D:5            Lair (4/6) D:10
 Shoals (1/4) Lair:4       Spider (1/4) Lair:4
    Orc: D:9-12

Altars:
Ashenzari
Cheibriados
Dithmenos
Elyvilon
Fedhas
Gozag
Hepliaklqana
Kikubaaqudgha
Makhleb
Nemelex Xobeh
Okawaru
Qazlal
Ru
Sif Muna
Trog
Uskayaw
Vehumet
Wu Jian
Xom
Yredelemnul
Zin
The Shining One

Shops:
D:5 }   D:9 !

Annotations:
Shoals:1 Nikola


Innate Abilities, Weirdness & Mutations

You have hooves in place of feet.
Armour fits poorly on your strangely shaped body.
You cover ground very quickly.
You have extremely tough skin. (AC +3)


Message History

The blast of poison engulfs you!
You are poisoned.
* * * LOW HITPOINT WARNING * * *
You are engulfed in poison gas.
You are more poisoned.
* * * LOW HITPOINT WARNING * * *
x2 You feel sick.
You feel better.
You are engulfed in poison gas.
You are poisoned.
* * * LOW HITPOINT WARNING * * *
You feel sick. You block Nikola's attack. Nikola claws you but does no damage.
Nikola tramples you but does no damage. Nikola closely misses you.
Nikola claws you but does no damage. Nikola tramples you!
* * * LOW HITPOINT WARNING * * *
You stumble backwards!
You feel very mighty all of a sudden.
You feel sick. Nikola breathes cold at you. The bolt of cold hits you!
You die...

≈≈≈≈≈≈≈≈≈≈≈≈≈≈≈≈≈≈≈≈
≈≈≈≈≈≈≈.≈≈≈≈≈≈≈≈≈≈≈≈≈
≈≈..≈≈≈..≈≈≈≈≈≈≈≈≈≈≈≈≈≈ ≈≈≈≈≈≈
≈≈..≈≈≈≈≈≈≈≈≈≈≈≈≈≈≈≈≈≈≈≈≈≈≈≈≈≈≈≈
≈≈≈≈≈..≈.≈≈≈≈≈≈≈≈≈≈≈≈≈≈≈≈≈≈≈≈≈≈≈
≈≈≈.......≈≈≈≈≈≈≈≈≈≈≈≈≈≈≈≈≈≈≈≈≈≈
≈≈≈............≈≈≈≈≈≈≈≈≈≈≈≈≈≈≈≈≈
≈≈≈≈...##....#.≈≈≈≈≈≈≈≈≈≈≈≈≈≈≈≈≈
≈≈≈≈...#....###@§≈≈≈≈≈≈≈≈≈≈≈≈≈≈.
(...((((((..# #D§§≈≈≈≈≈≈≈≈≈≈≈≈≈.
≈...≈≈≈.....###§§§≈≈≈≈≈≈≈≈≈≈≈...
≈≈≈≈≈≈..>##.(..§§§≈≈≈≈≈≈≈≈≈..>##
≈≈≈≈≈≈..##....≈≈§§≈≈≈≈≈≈≈.#.###
≈≈≈≈≈...#....≈≈≈≈≈≈≈≈≈≈≈.#### #
≈≈≈≈≈≈≈≈≈≈≈≈≈≈≈.≈≈≈≈≈≈≈.## ##
≈≈≈≈≈≈≈≈≈≈≈≈≈≈....≈≈≈≈..# ##.
≈≈≈≈≈≈≈≈(..≈≈≈...#......######..


You could see Nikola the golden dragon.

Vanquished Creatures
  An emperor scorpion (Spider:1)
  The ghost of GOR the Severer, a journeyman HOMo of Okawaru (D:10)
  A minotaur (Lab)
  A hydra (D:8)
  A merfolk avatar (Shoals:1)
  A catoblepas (Lair:4)
  4 two-headed ogres
  A merfolk aquamancer (Shoals:1)
  2 sea snakes (Shoals:1)
  A lindwurm (shapeshifter) (Shoals:1)
  3 manticores (Shoals:1)
  The ghost of GOR the Distorting Demonspawn, a novice DsAK of Lugonu (D:7)
  10 wolf spiders (Spider:1)
  5 orb spiders (Spider:1)
  A faun (Shoals:1)
  A merfolk siren (Shoals:1)
  An apocalypse crab (Spider:1)
  7 spiny frogs
  2 komodo dragons
  3 rime drakes
  A demonic crawler (Spider:1)
  4 merfolk (Shoals:1)
  2 minotaur zombies (Lab)
  A queen bee (Spider:1)
  4 trolls
  5 jumping spiders (Spider:1)
  A polar bear (Lair:4)
  7 dream sheep (Lair:4)
  4 hippogriffs
  2 snapping turtles (Shoals:1)
  13 redbacks
  2 wyverns (Lair:2)
  2 tarantellas (Spider:1)
  A tarantella (shapeshifter) (D:10)
  4 water elementals (Shoals:1)
  4 yaks (D:10)
  2 hungry ghosts (Lab)
  The ghost of Yosebu the Covered, an amateur HOFi (D:4)
  3 basilisks
  Edmund (D:6)
  2 water moccasins
  2 sky beasts
  6 orc warriors
  3 porcupines
  A black bear (D:9)
  An ice beast (D:7)
  A phantom (D:9)
  8 ogres
  3 centaurs
  2 wolves (D:10)
  6 crocodiles
  A big kobold (D:10)
  12 bullfrogs
  A scorpion (D:4)
  A scorpion (shapeshifter) (Lair:3)
  14 killer bees
  3 electric eels (D:10)
  3 wights (D:10)
  2 howler monkeys
  A bullfrog zombie (D:7)
  5 crimson imps
  11 hounds
  2 jellies
  5 orc priests
  2 bullfrog skeletons
  A centaur skeleton (D:10)
  5 iguanas
  11 orc wizards
  4 worker ants
  A killer bee zombie (D:8)
  A worker ant zombie (D:8)
  4 gnolls (D:6)
  11 adders
  4 shadow imps
  An ooze (D:2)
  An adder skeleton (D:9)
  6 worms
  A dart slug (D:1)
  6 leopard geckos
  35 orcs
  8 bats
  5 giant cockroaches
  3 goblins (D:2)
  13 hobgoblins
  16 jackals
  11 kobolds
  3 quokkas
  A ball python (D:5)
  9 frilled lizards
  A quokka zombie (D:9)
  6 rats
  A plant (Lair:2)
379 creatures vanquished.

Vanquished Creatures (others)
  A wolf spider (Spider:1)
  A demonic crawler (Spider:1)
  2 redbacks (Spider:1)
4 creatures vanquished.

Grand Total: 383 creatures vanquished

Notes
Turn   | Place    | Note
-------+----------+-------------------------------------------
     0 | D:1      | Yosebu the Centaur Hunter began the quest for the Orb.
     0 | D:1      | Reached XP level 1. HP: 17/17 MP: 1/1
   365 | D:1      | Reached XP level 2. HP: 23/24 MP: 2/2
   701 | D:1      | Reached skill level 6 in Bows
  1035 | D:2      | Reached XP level 3. HP: 26/30 MP: 3/3
  1690 | D:2      | Reached XP level 4. HP: 37/37 MP: 4/4
  1703 | D:3      | Reached skill level 1 in Maces & Flails
  2272 | D:4      | Noticed an ogre
  2289 | D:4      | Reached XP level 5. HP: 27/42 MP: 5/5
  2308 | D:4      | Killed an ogre
  2320 | D:4      | Reached skill level 7 in Bows
  2597 | D:4      | Reached XP level 6. HP: 42/51 MP: 6/6
  2759 | D:4      | Found a blossoming altar of Fedhas.
  2814 | D:4      | Found a white marble altar of Elyvilon.
  3097 | D:4      | Noticed Yosebu's ghost (amateur HOFi)
  3112 | D:4      | Killed Yosebu's ghost
  3112 | D:4      | Reached skill level 8 in Bows
  3112 | D:4      | Reached XP level 7. HP: 36/59 MP: 7/7
  3250 | D:4      | Reached skill level 9 in Bows
  3658 | D:5      | Entered Level 5 of the Dungeon
  3686 | D:5      | Found Zaes Dih's Gadget Shoppe.
  3724 | D:5      | Found a staircase to the Ecumenical Temple.
  3740 | Temple   | Entered the Ecumenical Temple
  3785 | Temple   | Became a worshipper of Warmaster Okawaru
  4454 | D:5      | Reached skill level 10 in Bows
  4466 | D:5      | Found an ancient bone altar of Kikubaaqudgha.
  4468 | D:5      | Found a radiant altar of Vehumet.
  4617 | D:5      | Reached XP level 8. HP: 67/67 MP: 8/8
  4730 | D:6      | Noticed Edmund
  4780 | D:6      | Reached * piety under Okawaru
  4792 | D:6      | Killed Edmund
  4792 | D:6      | Reached skill level 5 in Fighting
  4923 | D:6      | Reached skill level 11 in Bows
  5219 | D:6      | Reached ** piety under Okawaru
  5219 | D:6      | Reached skill level 1 in Armour
  5229 | D:6      | Reached skill level 12 in Bows
  5877 | D:7      | Reached XP level 9. HP: 75/75 MP: 9/9
  5954 | D:7      | Noticed GOR's ghost (novice DsAK)
  5968 | D:7      | Killed GOR's ghost
  5968 | D:7      | Reached skill level 13 in Bows
  6230 | D:7      | Reached *** piety under Okawaru
  6469 | D:8      | Noticed a two-headed ogre
  6694 | D:8      | Received a gift from Okawaru
  6704 | D:8      | Reached skill level 14 in Bows
  6721 | D:8      | Killed a two-headed ogre
  6721 | D:8      | Reached XP level 10. HP: 20/86 MP: 10/10
  6934 | D:8      | Noticed a seven-headed hydra
  6941 | D:8      | Killed a seven-headed hydra
  6941 | D:8      | Reached **** piety under Okawaru
  6941 | D:8      | Received a gift from Okawaru
  7318 | D:9      | Reached skill level 15 in Bows
  7528 | D:9      | Noticed a two-headed ogre
  7542 | D:9      | Killed a two-headed ogre
  7694 | D:9      | Noticed a two-headed ogre
  7711 | D:9      | Killed a two-headed ogre
  7711 | D:9      | Received a gift from Okawaru
  7759 | D:9      | Noticed a two-headed ogre
  7787 | D:9      | Killed a two-headed ogre
  7787 | D:9      | Reached ***** piety under Okawaru
  7787 | D:9      | Reached skill level 16 in Bows
  7872 | D:9      | Reached XP level 11. HP: 97/97 MP: 11/11
  8038 | D:9      | Received a gift from Okawaru
  8140 | D:9      | Found Norhi's Distillery.
  8151 | D:9      | Bought a potion of haste for 120 gold pieces
  8151 | D:9      | Bought a potion of heal wounds for 60 gold pieces
  8151 | D:9      | Bought a potion of heal wounds for 60 gold pieces
  8274 | D:10     | Entered Level 10 of the Dungeon
  8434 | D:10     | Found a staircase to the Lair.
  8480 | D:10     | Noticed GOR's ghost (journeyman HOMo)
  8527 | D:10     | Killed GOR's ghost
  8527 | D:10     | Reached skill level 10 in Fighting
  9055 | D:10     | Found a portal to a secret trove of treasure.
  9091 | Trove    | Entered a treasure trove
  9109 | Trove    | Identified Wearaexot's Papyrus of Cloudy Summoning
  9112 | Trove    | Identified Sif Muna's Reference Book on the Rocks and Flight
  9136 | Trove    | Identified Tucsaed's Grimoire of Sinister Envenoming
  9431 | Lair:1   | Entered Level 1 of the Lair of Beasts
  9782 | Lair:1   | Reached skill level 17 in Bows
 11814 | Lair:3   | Reached XP level 12. HP: 103/112 MP: 12/12
 11890 | Lair:3   | Found a labyrinth entrance.
 11918 | Lab      | Entered a labyrinth
 12601 | Lab      | Noticed a minotaur
 12609 | Lab      | Killed a minotaur
 12701 | Lab      | Identified the Incunabulum of Warped Execration
 12702 | Lab      | Found the +8 Wrath of Trog {antimagic, *Rage}
 12960 | Lair:3   | Reached skill level 18 in Bows
 13365 | Lair:4   | Noticed a catoblepas
 13372 | Lair:4   | Found a staircase to the Shoals.
 13427 | Lair:4   | Killed a catoblepas
 13734 | Lair:4   | Found a hole to the Spider Nest.
 13804 | Lair:4   | Identified a scroll of acquirement
 13807 | Lair:4   | Got a shimmering centaur barding
 13813 | Lair:4   | Identified the +2 centaur barding "Wuevaj" {Str+3} (You acquired it on level 4 of the Lair of Beasts)
 13900 | Lair:4   | Received a gift from Okawaru
 14483 | Spider:1 | Entered Level 1 of the Spider Nest
 14722 | Spider:1 | Received a gift from Okawaru
 14826 | Spider:1 | Reached skill level 5 in Armour
 14954 | Spider:1 | Received a gift from Okawaru
 14954 | Spider:1 | Reached skill level 15 in Fighting
 14994 | Spider:1 | Reached skill level 19 in Bows
 15003 | Spider:1 | Reached XP level 13. HP: 105/126 MP: 13/13
 15042 | Spider:1 | Received a gift from Okawaru
 15403 | Spider:1 | Noticed an emperor scorpion
 15471 | Spider:1 | Killed an emperor scorpion
 15587 | Spider:1 | Received a gift from Okawaru
 15592 | Spider:1 | Got a dazzling ring mail {god gift}
 15605 | Spider:1 | Identified the +5 ring mail of Brilliance {Str+3 Int+2} (Okawaru gifted it to you on level 1 of the Spider Nest)
 16578 | Shoals:1 | Entered Level 1 of the Shoals
 17508 | Shoals:1 | Reached skill level 5 in Dodging
 17568 | Shoals:1 | Noticed Nikola
 17577 | Shoals:1 | Noticed Nikola
 17577 | Shoals:1 | Nikola changed into Nikola the golden dragon
 17599 | Shoals:1 | Killed from afar by Nikola the golden dragon

Vault maps used:
D:1:      saegor_arrival_simple_b
D:3:      first_ration
D:4:      nicolae_overflow_hidden_temple, old_standard_altar,
          hangedman_decor_riveting
D:5:      grunt_temple_overflow_open, minmay_temple_entry_grid, serial_shops,
          shop_fountains
D:6:      uniq_edmund
D:9:      serial_shops, shop
D:10:     erik_lair_island, nicolae_trove_entry_crossroad
Temple:   dpeg_five_rooms_temple
Lair:1:   minivault_19
Lair:2:   nicolae_volcano_entry_s_turn
Lair:3:   lab_entry_generic, serial_bayou_shore_b
Lair:4:   shoals_dummy_entry, spider_nest_entry_rubble,
          infiniplex_staircase_pool, lemuel_fruit_tree
Shoals:1: uniq_nikola
Spider:1: hive_lemuel
Lab:      labyrinth_hidden_loot, nicolae_lab_x, nicolae_lab_checkerboard,
          nicolae_lab_blocks, lab_block, nicolae_lab_dead_end
Trove:    trove_library

Skill      XL: |  1  2  3  4  5  6  7  8  9 10 11 12 13 |
---------------+----------------------------------------+-----
Bows           | 6 7 8 10 12 14 16 17 19 | 19.9
Maces & Flails | 2 3 |  3.2
Dodging        | 2 3 4 5 |  5.0
Fighting       | 3 4 6 7 9 12 15 16 | 16.6
Armour         | 1 2 3 5 6 |  6.7
Stealth        | |  0.5
Shields        | |  0.2

Action                   |  1- 3 |  4- 6 |  7- 9 | 10-12 | 13-15 || total
-------------------------+-------+-------+-------+-------+-------++-------
Melee: Shortbow          |    30 |     6 |       |     3 |       ||    39
       Kick              |    20 |     4 |       |     1 |       ||    25
       Short sword       |    17 |       |       |       |       ||    17
       Mace              |    66 |    11 |       |       |       ||    77
       Whip              |       |    20 |       |       |       ||    20
       Flail             |       |       |       |     2 |       ||     2
 Fire: Shortbow          |    38 |    94 |   440 |   796 |   296 ||  1664
Evoke: Wand              |       |       |       |       |     1 ||     1
  Use: Scroll            |     2 |     9 |    14 |    12 |     3 ||    40
       Potion            |       |     1 |     6 |     7 |     9 ||    23
  Eat: Chunk             |     1 |     2 |     3 |    13 |     1 ||    20
       Ration            |       |     1 |     1 |     4 |     1 ||     7
Armor: Leather armour    |    65 |    19 |    18 |       |       ||   102
       Scale mail        |       |       |    24 |       |       ||    24
       Troll leather arm |       |       |       |    85 |     4 ||    89
       Ring mail         |       |       |       |       |    53 ||    53
Dodge: Dodged            |    79 |    21 |    65 |    66 |    45 ||   276
Block: Other             |     1 |     3 |    26 |    35 |    16 ||    81
       Shield            |       |     4 |       |       |       ||     4
       Reflection        |       |       |     2 |     4 |       ||     6

Table legend:
 A = Spawn XP
 B = Non-spawn XP
 C = Spawn XP percentage of total XP
 D = Spawn monster count
 E = Non-spawn monster count
 F = Spawn count percentage of total count
 G = Total turns spent on level
                    A         B        C        D         E        F      G
               +---------+---------+-------+---------+---------+-------+---------
         Total |       0 |   56086 |   0.0 |       0 |     381 |   0.0 | 17599
               +---------+---------+-------+---------+---------+-------+---------
           D:1 |       0 |      39 |   0.0 |       0 |      22 |   0.0 |  1027
           D:2 |       0 |      58 |   0.0 |       0 |      26 |   0.0 |   672
           D:3 |       0 |      45 |   0.0 |       0 |      11 |   0.0 |   556
           D:4 |       0 |     900 |   0.0 |       0 |      27 |   0.0 |  1403
           D:5 |       0 |     396 |   0.0 |       0 |      12 |   0.0 |   835
           D:6 |       0 |    1217 |   0.0 |       0 |      27 |   0.0 |  1001
           D:7 |       0 |    1361 |   0.0 |       0 |      22 |   0.0 |   890
           D:8 |       0 |    3025 |   0.0 |       0 |      28 |   0.0 |   749
           D:9 |       0 |    5255 |   0.0 |       0 |      37 |   0.0 |   962
          D:10 |       0 |    3843 |   0.0 |       0 |      41 |   0.0 |  1069
        Lair:1 |       0 |    1734 |   0.0 |       0 |      10 |   0.0 |  1457
        Lair:2 |       0 |    3030 |   0.0 |       0 |      13 |   0.0 |   876
        Lair:3 |       0 |    1740 |   0.0 |       0 |       8 |   0.0 |   723
        Lair:4 |       0 |    4785 |   0.0 |       0 |      17 |   0.0 |  1506
      Shoals:1 |       0 |    9199 |   0.0 |       0 |      21 |   0.0 |   747
      Spider:1 |       0 |   16749 |   0.0 |       0 |      51 |   0.0 |  2073
           Lab |       0 |    2710 |   0.0 |       0 |       8 |   0.0 |   786
               +---------+---------+-------+---------+---------+-------+---------
